 Dungeon Crawl Stone Soup version 0.23-a0-57-gd13e5294dc (webtiles) character file.

72 Oravi the Gusty (level 4, 0/24 HPs)
             Began as a Tengu Air Elementalist on Aug 9, 2018.
             Slain by a hound (1 damage)
             ... on level 3 of the Dungeon.
             The game lasted 00:08:44 (2330 turns).

Oravi the Gusty (Tengu Air Elementalist)            Turns: 2330, Time: 00:08:45

Health: 0/24       AC:  5    Str:  8    XL:     4   Next: 25%
Magic:  7/9        EV: 12    Int: 16    God:
Gold:   30         SH:  0    Dex: 15    Spells: 2/8 levels left

rFire    + . .     SeeInvis .   k - -1 short sword (curse)
rCold    . . .     Gourm    +   (no shield)
rNeg     . . .     Faith    .   h - +2 leather armour {rF+}
rPois    .         Spirit   .   (helmet restricted)
rElec    .         Reflect  .   (no cloak)
rCorr    .         Harm     .   (no gloves)
MR       .....                  (boots unavailable)
Stlth    ++........             g - amulet of the gourmand
HPRegen  0.08/turn              (no ring)
MPRegen  0.11/turn              (no ring)

@: no status effects
A: beak, talons 3
a: no special abilities


You were on level 3 of the Dungeon.
You were very full.

You visited 1 branch of the dungeon, and saw 3 of its levels.

You collected 30 gold pieces.

Inventory:

Hand Weapons
 f - a +0 hand axe
 k - a cursed -1 short sword (weapon)
 l - a +1 dagger
 n - a cursed -2 dagger
Missiles
 j - 62 stones (quivered)
Armour
 a - a +0 robe
 h - a +2 leather armour of fire resistance (worn)
Jewellery
 g - an amulet of the gourmand (around neck)
Scrolls
 m - a scroll of identify
 o - a scroll of enchant weapon
Potions
 b - a potion of flight
 d - 2 potions of brilliance
Comestibles
 c - 2 rations


   Skills:
 - Level 2.1 Dodging
 - Level 2.0 Stealth
 + Level 2.7 Spellcasting
 + Level 3.2 Conjurations
 + Level 5.0 Air Magic


You had 2 spell levels left.
You knew the following spells:

 Your Spells              Type           Power        Failure   Level  Hunger
a - Shock                 Conj/Air       ###.         4%          1    #......
b - Swiftness             Chrm/Air       ##......     16%         2    ##.....
c - Static Discharge      Conj/Air       ###.....     16%         3    ###....

Your spell library contained the following spells:

 Spells                   Type           Power        Failure   Level  Hunger
 Lightning Bolt           Conj/Air       ###.......   80%         5    ######.
 Airstrike                Air            ###.......   34%         4    #####..


Dungeon Overview and Level Annotations

Branches:
Dungeon (2/15)

Altars:
Makhleb


Innate Abilities, Weirdness & Mutations

You have a beak for a mouth.
You have claws for feet.


Message History

You feel resistant to fire. The hound barely misses you.
The kobold barely misses you. The hound bites you.
* * * LOW HITPOINT WARNING * * *
Casting: Shock (safe; 4% risk of failure)
Confirm with . or Enter, or press ? or * to list all spells.
Aiming: Shock (safe; 4% risk of failure)
Press: ? - help, Shift-Dir - straight line, f - hound
Aim: a hound (almost dead)
The zap hits the hound.
The hound appears unharmed.
The hound is almost dead.
The kobold barely misses you. The hound bites you but does no damage.
Casting: Shock (safe; 4% risk of failure)
Confirm with . or Enter, or press ? or * to list all spells.
Aiming: Shock (safe; 4% risk of failure)
Press: ? - help, Shift-Dir - straight line, f/p - hound
Aim: a hound (almost dead)
The zap hits the hound.
The hound appears unharmed.
The hound is almost dead.
The hound bites you.
You die...

###
##@##
#K.h##
#..#..#
#..###.#
.... ...
....#
#.†..
#....
##._.#
#...#
##∩## ##


You could see a hound and a kobold.

Vanquished Creatures
  2 adders (D:2)
  2 worms
  A dart slug (D:2)
  2 leopard geckos
  3 giant cockroaches (D:1)
  5 goblins
  3 hobgoblins
  6 kobolds
  11 bats
  3 frilled lizards (D:2)
  8 rats
46 creatures vanquished.

Notes
Turn   | Place    | Note
-------+----------+-------------------------------------------
     0 | D:1      | Oravi the Tengu Air Elementalist began the quest for the Orb.
     0 | D:1      | Reached XP level 1. HP: 10/10 MP: 4/4
   312 | D:1      | Reached XP level 2. HP: 15/15 MP: 0/6
   845 | D:1      | Reached XP level 3. HP: 19/19 MP: 7/7
  1632 | D:2      | Reached XP level 4. HP: 24/24 MP: 7/9
  1714 | D:2      | Reached skill level 5 in Air Magic
  1846 | D:2      | Learned a level 2 spell: Swiftness
  1850 | D:2      | Learned a level 3 spell: Static Discharge
  2286 | D:2      | You fall through a shaft!
  2286 | D:3      | Found a burning altar of Makhleb.
  2328 | D:3      | HP: 1/24 [hound (1)]
  2330 | D:3      | Slain by a hound

Vault maps used:
D:1:      dpeg_arrival_brainrot, minmay_misc_feat_ornament
D:2:      serial_forest, infiniplex_forest_clump_medium,
          infiniplex_forest_clump_large, infiniplex_forest_lined_2,
          infiniplex_forest_straight_3, infiniplex_forest_lined_room_,
          infiniplex_forest_straight_2, infiniplex_forest_diagonal,
          infiniplex_forest_clump_small
D:3:      makhleb_blood_cavern_becter

Skill      XL: |  1  2  3  4 |
---------------+-------------+-----
Conjurations   | 2 3 |  3.2
Air Magic      | 5 |  5.0
Dodging        | |  2.1
Stealth        | |  2.0
Spellcasting   | |  2.7

Action                   |  1- 3 |  4- 6 || total
-------------------------+-------+-------++-------
Melee: Short sword       |     4 |    39 ||    43
       Peck              |     1 |       ||     1
       Kick              |       |     2 ||     2
Throw: Stone             |     9 |       ||     9
 Cast: Shock             |    63 |    20 ||    83
  Use: Scroll            |     3 |     6 ||     9
       Potion            |       |     2 ||     2
  Eat: Chunk             |    15 |     2 ||    17
Armor: Leather armour    |     2 |     2 ||     4
       Robe              |     1 |       ||     1
       Skin              |       |    84 ||    84
Dodge: Dodged            |    13 |    19 ||    32

Table legend:
 A = Spawn XP
 B = Non-spawn XP
 C = Spawn XP percentage of total XP
 D = Spawn monster count
 E = Non-spawn monster count
 F = Spawn count percentage of total count
 G = Total turns spent on level
                    A         B        C        D         E        F      G
               +---------+---------+-------+---------+---------+-------+---------
         Total |       0 |     103 |   0.0 |       0 |      46 |   0.0 |  2330
               +---------+---------+-------+---------+---------+-------+---------
           D:1 |       0 |      41 |   0.0 |       0 |      23 |   0.0 |  1203
           D:2 |       0 |      60 |   0.0 |       0 |      22 |   0.0 |  1083
           D:3 |       0 |       2 |   0.0 |       0 |       1 |   0.0 |    44
               +---------+---------+-------+---------+---------+-------+---------
